 Dungeon Crawl Stone Soup version 0.32-a0-646-g91cf321817 (webtiles) character file.

Game seed: 11209725171134393454

240 Gargoyl the Chopper (level 6, -2/38 HPs)
             Began as a Gargoyle Berserker on Mar 8, 2024.
             Was a Believer of Trog.
             Slain by a kobold brigand
             ... wielding a +0 club
              (4 damage)
             ... in a sewer.
             The game lasted 00:02:16 (1645 turns).

Gargoyl the Chopper (Gargoyle Berserker)            Turns: 1645, Time: 00:02:16

Health: -2/38      AC: 14    Str: 21    XL:     6   Next: 8%
Magic:  2/2        EV:  8    Int:  7    God:    Trog [**....]
Gold:   178        SH:  0    Dex: 11    Spells: 5/5 levels left

rFire   . . .        e - +1 hand axe (antimagic)
rCold   . . .        (no shield)
rNeg    + . .        c - +0 chain mail
rPois   ∞            (no helmet)
rElec   +            h - +0 cloak
rCorr   .            (no gloves)
SInv    .            (no boots)
Will    .....        (no amulet) Stlth
                     (no ring)
HPRegen 0.26/turn    (no ring)
MPRegen 0.08/turn

%: no passive effects
@: no status effects
A: sickness immunity, AC +4, negative energy resistance 1, electricity
resistance, torment resistance 1, petrification resistance
a: Renounce Religion, Berserk, Trog's Hand


You were in a sewer.
You worshipped Trog.
Trog was pleased with you.
You visited 1 branch of the dungeon, and saw 3 of its levels.
You also visited: Sewer.

You collected 178 gold pieces.

Inventory:

Hand Weapons
 a - a +0 hand axe
 e - a +1 antimagic hand axe (weapon)
Armour
 c - a +0 chain mail (worn)
 h - a +0 cloak (worn)
Wands
 f - a wand of warping (1)
Scrolls
 g - a scroll of teleportation
Potions
 d - 3 potions of curing


   Skills:
 + Level 4.2 Fighting
 + Level 4.5 Axes
 + Level 3.3 Armour
 + Level 2.1 Dodging
 + Level 1.7 Stealth


You had 5 spell levels left.
You didn't know any spells.
Your spell library was empty.

Dungeon Overview and Level Annotations

Branches:
Dungeon (3/15)              Sewer (1/1)

Altars:
Ashenzari


Innate Abilities, Weirdness & Mutations

You are immune to sickness and miasma.
Your stone body is resilient. (AC +4)
You are immune to poison.
You resist negative energy. (rN+)
You are resistant to electric shocks. (rElec)
You are resistant to unholy torment.
You are immune to petrification.


Message History

The kobold brigand is moderately wounded.
The kobold brigand closely misses you.
The kobold brigand hits you with a +0 short sword.
Unknown command.
You hit the kobold brigand.
The kobold brigand is heavily wounded.
Unknown command.
The kobold hits you but does no damage.
The kobold brigand hits you with a +0 short sword.
You hit the jackal.
You kill the jackal!
Trog accepts your kill.
You miss the kobold brigand. You hit the kobold brigand.
You closely miss the kobold.
The kobold brigand hits you with a +0 club.
The kobold splashes around in the water.
The kobold brigand barely misses you.
You barely miss the kobold. You closely miss the kobold.
You hit the kobold brigand but do no damage. x2
The kobold brigand hits you with a +0 club.
The kobold hits you but does no damage. x2
The kobold brigand hits you with a +0 short sword.
The kobold brigand splashes around in the water.
You hit the kobold.
The kobold is moderately wounded.
You barely miss the kobold. You hit the kobold brigand. x2
The kobold hits you but does no damage.
The kobold brigand hits you with a +0 short sword.
The kobold closely misses you.
The kobold brigand hits you with a +0 club!
* * * LOW HITPOINT WARNING * * *
You slash the kobold!
You kill the kobold!
Trog accepts your kill.
You miss the kobold. You barely miss the kobold brigand. x2
The kobold hits you with a +0 short sword.
* * * LOW HITPOINT WARNING * * *
The kobold brigand completely misses you.
The kobold brigand hits you with a +0 club.
You die...

### ## ############
#∩# ##.
#....~.....###.###
....#..~~~~..~.~.....#
...#~~≈≈≈~~~~~~~~~~~~
...~~≈≈≈≈≈≈≈≈≈≈≈≈≈≈≈
#KK≈≈≈~~~~~~~≈~~~~
#@K~~~~.~~~~.~...#
#.K~.~.~.~.#######
#########~## #~# #~#
#~# #~# #~# #~#


You could see 2 kobold brigands and 2 kobolds.

Vanquished Creatures
  Sigmund (D:3)
  A river rat (Sewer)
  An adder (D:3)
  2 dart slugs (D:2)
  2 ribbon worms (D:2)
  An orc (D:3)
  3 ball pythons
  4 bats
  3 endoplasms
  2 giant cockroaches (D:3)
  7 goblins
  5 hobgoblins
  3 jackals
  5 kobolds
  2 quokkas (D:2)
  4 frilled lizards (D:1)
  5 rats
51 creatures vanquished.

Notes
Turn   | Place    | Note
-------+----------+-------------------------------------------
     0 | D:1      | Gargoyl the Gargoyle Berserker began the quest for the Orb.
     0 | D:1      | Reached XP level 1. HP: 14/14 MP: 1/1
    33 | D:1      | Found a faded altar of an unknown god.
   142 | D:1      | Reached XP level 2. HP: 15/19 MP: 2/2
   625 | D:2      | Reached ** piety under Trog
   626 | D:2      | Reached XP level 3. HP: 18/23 MP: 1/3
   862 | D:2      | Reached skill level 1 in Stealth
  1334 | D:3      | Found a broken altar of Ashenzari.
  1359 | D:3      | Noticed Sigmund
  1373 | D:3      | Killed Sigmund
  1374 | D:3      | Reached XP level 4. HP: 29/29 MP: 1/4
  1374 | D:3      | Reached XP level 5. HP: 33/33 MP: 1/5
  1534 | D:3      | Found a glowing drain.
  1545 | D:3      | Reached XP level 6. HP: 37/38 MP: 2/6
  1555 | Sewer    | Entered a sewer
  1645 | Sewer    | Slain by a kobold brigand

Illustrated notes

Levels and vault maps discovered:
D:1:      minmay_arrival_stone_box, layout_rooms,
          shapermc_ecumenical_altar_rom_forum
D:2:      layout_rooms
D:3:      layout_loops_corners, cheibrodos_ashenzari_chains,
          portal_sewer_entry_a, uniq_sigmund
Sewer:    sewer_kobolds

Skill      XL: |  1  2  3 |
---------------+----------+-----
Axes           | 3 4 |  4.5
Stealth        | 1 |  1.7
Fighting       | 4 |  4.2
Armour         | 3 |  3.3
Dodging        | 2 |  2.1

Action                     |  1- 3 |  4- 6 || total
---------------------------+-------+-------++-------
  Melee: Hand axe          |   112 |    27 ||   139
 Invoke: Berserk           |     1 |       ||     1
         Trog's Hand       |     1 |       ||     1
    Use: Scroll            |     4 |       ||     4
   Stab: Sleeping          |     2 |       ||     2
 Armour: Animal skin       |    21 |       ||    21
         Chain mail        |    50 |    44 ||    94
  Dodge: Dodged            |    51 |    13 ||    64

Table legend: (Time is in decaauts)
 A = Elapsed time spent in this place.
 B = Non-inter-level travel time spent in this place.
 C = Inter-level travel time spent in this place.
 D = Time resting spent in this place.
 E = Time spent auto-exploring this place.
 F = Levels seen in this place.
 G = Mean time per level.
                   A        B        C        D        E       F      G
               +--------+--------+--------+--------+--------+-----+--------+
         Total |   1691 |   1644 |     47 |      0 |   1170 |   4 |  422.8 |
       Dungeon |   1579 |   1532 |     47 |      0 |   1101 |   3 |  526.3 |
         Sewer |    112 |    112 |      0 |      0 |     69 |   1 |  112.0 |
               +--------+--------+--------+--------+--------+-----+--------+

Top non-repeatable levels by time:
     D:1: 593 daAuts
     D:2: 545 daAuts
     D:3: 441 daAuts
   Sewer: 112 daAuts
